 Dungeon Crawl Stone Soup version 0.27.1-4-g1640c2035a (webtiles) character file.

Game seed: 9424793439667319075

86 bellerephron the Chopper (level 4, -7/35 HPs)
             Began as a Demonspawn Berserker on Nov 5, 2021.
             Was a Believer of Trog.
             Mangled by an ice beast (10 damage)
             ... on level 3 of the Dungeon.
             The game lasted 00:08:45 (2515 turns).

bellerephron the Chopper (Demonspawn Berserker)     Turns: 2515, Time: 00:08:46

Health: -7/35      AC:  8    Str: 19    XL:     4   Next: 26%
Magic:  4/4        EV:  9    Int:  8    God:    Trog [**....]
Gold:   77         SH:  0    Dex: 12    Spells: 3/3 levels left

rFire    . . .     SeeInvis .   a - +0 hand axe
rCold    . . .     Faith    .   (no shield)
rNeg     . . .     Spirit   .   k - +0 chain mail
rPois    .         Reflect  .   (helmet restricted)
rElec    .         Harm     .   (no cloak)
rCorr    .         Rampage  .   (no gloves)
Will     .....                  (no boots)
Stlth    ..........             (no amulet)
HPRegen  0.11/turn              (no ring)
MPRegen  0.09/turn              (no ring)

@: no status effects
A: antennae 1, sturdy frame 1
a: Renounce Religion, Berserk, Trog's Hand


You were on level 3 of the Dungeon.
You worshipped Trog.
Trog was pleased with you.
You visited 1 branch of the dungeon, and saw 3 of its levels.

You collected 77 gold pieces.

Inventory:

Hand Weapons
 a - a +0 hand axe (weapon)
Missiles
 d - 16 poisoned darts (quivered)
 e - 107 stones
 f - 8 javelins
 n - 8 boomerangs
Armour
 h - a +0 helmet
 k - a +0 chain mail (worn)
 o - a +0 pair of boots
Scrolls
 b - a scroll of holy word {unknown}
 c - 2 scrolls of amnesia {unknown}
 i - a scroll of immolation {unknown}
 j - 4 scrolls of teleportation {unknown}
 l - a scroll of enchant weapon {unknown}
Potions
 g - 2 potions of curing {unknown}
 m - a potion of lignification {unknown}


   Skills:
 + Level 3.3 Fighting
 * Level 4.1 Axes
 + Level 2.0 Armour
 + Level 2.1 Dodging


You had 3 spell levels left.
You didn't know any spells.
Your spell library was empty.

Dungeon Overview and Level Annotations

Branches:
Dungeon (3/15)

Altars:


Innate Abilities, Weirdness & Mutations

You have a pair of small antennae on your head.
Your movements are slightly less encumbered by armour. (ER -2)


Message History

An ice beast is nearby!
An ice beast is nearby!
An ice beast is nearby!
An ice beast is nearby!
An ice beast is nearby!
An ice beast is nearby!
An ice beast is nearby!
An ice beast is nearby!
An ice beast is nearby!
An ice beast is nearby!
An ice beast is nearby!
An ice beast is nearby!
An ice beast is nearby!
An ice beast is nearby!
An ice beast is nearby!
An ice beast is nearby!
An ice beast is nearby!
An ice beast is nearby!
An ice beast is nearby!
Found 8 stones.
You see here a +0 pair of boots.
o - a +0 pair of boots You hit the ice beast but do no damage.
The ice beast hits you but does no damage.
You hit the ice beast but do no damage.
The ice beast hits you but does no damage.
You closely miss the ice beast.
The ice beast hits you but does no damage.
You closely miss the ice beast. The ice beast hits you.
The ice beast freezes you!
You hit the ice beast.
The ice beast is lightly wounded.
The ice beast hits you. The ice beast freezes you!
* * * LOW HITPOINT WARNING * * *
You hit the ice beast.
The ice beast is moderately wounded.
The ice beast closely misses you. The ice beast hits you.
* * * LOW HITPOINT WARNING * * *
The ice beast freezes you!
You die...

.. .....(
##########.......#
#................#
#................#
#................#
#................#
#....@Y..........#
#................#
####.###.#..†....#
#.#{..........####.
......###............
..$..................
...............##.#..
....................#
..................###


You could see an ice beast.

Vanquished Creatures
  A gnoll (D:1)
  An adder (D:2)
  A worm (D:2)
  A dart slug (D:1)
  An orc (D:3)
  7 ball pythons
  7 endoplasms
  6 giant cockroaches
  3 goblins
  4 hobgoblins
  4 jackals (D:1)
  4 kobolds
  2 quokkas (D:1)
  4 bats
  3 frilled lizards
  8 rats
57 creatures vanquished.

Vanquished Creatures (others)
  2 demonic plants (D:2)
2 creatures vanquished.

Grand Total: 59 creatures vanquished

Notes
Turn   | Place    | Note
-------+----------+-------------------------------------------
     0 | D:1      | bellerephron the Demonspawn Berserker began the quest for
                  | the Orb.
     0 | D:1      | Reached XP level 1. HP: 18/18 MP: 1/1
   221 | D:1      | Reached skill level 3 in Axes
   222 | D:1      | Gained mutation: Your movements are slightly less
                  | encumbered by armour. (ER -2) [demonic ancestry]
   222 | D:1      | Reached XP level 2. HP: 19/24 MP: 2/2
   734 | D:1      | Reached XP level 3. HP: 29/29 MP: 3/3
  1136 | D:1      | Reached ** piety under Trog
  1723 | D:2      | Found a faded altar of an unknown god.
  1723 | D:2      | Noticed a balrug
  1879 | D:2      | Reached skill level 4 in Axes
  1994 | D:2      | Gained mutation: You have a pair of small antennae on your
                  | head. [demonic ancestry]
  1994 | D:2      | Reached XP level 4. HP: 35/35 MP: 4/4
  2501 | D:3      | Noticed an ice beast
  2515 | D:3      | Mangled by an ice beast

Illustrated notes

Levels and vault maps discovered:
D:1:      enne_arrival_octagon_isle, layout_basic, serial_forest,
          infiniplex_forest_end_2, infiniplex_forest_corner_1,
          infiniplex_forest_clump_long, infiniplex_forest_lined_2,
          infiniplex_forest_clump_tiny, infiniplex_forest_end_2,
          infiniplex_forest_zigzag_1, infiniplex_forest_side_room, moated_statue
D:2:      layout_loops_ring, dreamdust_ecumenical_altar_sealed_demon
D:3:      layout_rooms, pf_just_have_faith, ebering_ghost_reflecting_pool

Skill      XL: |  1  2  3  4 |
---------------+-------------+-----
Axes           | 3 4 |  4.1
Dodging        | 2 |  2.1
Armour         | 2 |  2.0
Fighting       | |  3.3

Action                   |  1- 3 |  4- 6 || total
-------------------------+-------+-------++-------
Melee: Hand axe          |   132 |    57 ||   189
Invok: Berserk           |     3 |       ||     3
 Stab: Sleeping          |     1 |       ||     1
Armor: Animal skin       |    17 |       ||    17
       Chain mail        |    21 |    15 ||    36
Dodge: Dodged            |    82 |    21 ||   103
